 Dungeon Crawl Stone Soup version 0.21.0-25-ge575cb9 (webtiles) character file.

2 Monsterracer the Ducker (level 1, 0/11 HPs)
             Began as a Spriggan Gladiator on Jan 26, 2018.
             Slain by a goblin
             ... wielding a +2 dagger of holy wrath
              (3 damage)
             ... on level 2 of the Dungeon.
             The game lasted 00:01:02 (219 turns).

Monsterracer the Ducker (Spriggan Gladiator)         Turns: 219, Time: 00:01:03

Health: 0/11       AC:  2    Str: 10    XL:     1   Next: 33%
Magic:  2/2        EV: 20    Int:  9    God:
Gold:   21         SH:  0    Dex: 17    Spells: 0/0 levels left

rFire    . . .     SeeInvis +   a - +0 long sword {!a}
rCold    . . .     Gourm    .   (shield restricted)
rNeg     . . .     Faith    .   b - +0 robe
rPois    .         Spirit   .   f - +0 hat
rElec    .         Reflect  .   (no cloak)
rCorr    .         Harm     .   (gloves unavailable)
MR       .....                  (boots unavailable)
Stlth    ++........             (no amulet)
HPRegen  0.03/turn              (no ring)
MPRegen  0.08/turn              (no ring)

@: very quick
A: very small, unfitting armour, see invisible, herbivore, speed 3, slow
metabolism 2
a: no special abilities


You were on level 2 of the Dungeon.
You were not hungry.

You visited 1 branch of the dungeon, and saw 2 of its levels.

You collected 21 gold pieces.

Inventory:

Hand Weapons
 a - a +0 long sword (weapon) {!a}
Missiles
 d - 3 throwing nets (quivered)
Armour
 b - a +0 robe (worn)
 f - a +0 hat (worn)
Scrolls
 e - 2 scrolls of enchant weapon {unknown}
 h - a scroll of remove curse {unknown}
Potions
 g - 2 potions of brilliance {unknown}
Comestibles
 c - 2 rations


   Skills:
 * Level 1.6 Fighting
 - Level 2.4 Long Blades
 - Level 2.0 Throwing
 * Level 4.5 Dodging
 + Level 0.1 Stealth


You couldn't memorise any spells.
You didn't know any spells.

Dungeon Overview and Level Annotations

Branches:
Dungeon (2/15)

Altars:


Innate Abilities, Weirdness & Mutations

You are very small and have problems with some larger weapons.
You are too small for most types of armour.
You have supernaturally acute eyesight. (SInv)
You are a herbivore.
You cover ground extremely quickly.
You need consume almost no food.


Message History

The goblin hits you with a dagger of protection.
You take 2 damage, and have 8/10 hp.
You see here a coppery potion.
g - a coppery potion The goblin completely misses you.
You open the door.
The goblin hits you with a dagger of protection.
You take 1 damage, and have 7/10 hp.
There is an open door here.
Found 17 stones.
Found a scroll labeled OMUPIVVIOT.
Found a stone staircase leading down.
A bat comes into view.
Found a coppery potion.
Found an escape hatch in the floor.
You see here a scroll labeled OMUPIVVIOT.
h - a scroll labeled OMUPIVVIOT The bat closely misses you.
The bat barely misses you.
Found 16 stones.
The bat closely misses you.
You riposte.
You barely miss the bat.
Found a hunting sling.
The bat completely misses you.
You riposte.
You slash the bat!
You kill the bat!
Found 18 stones.
You see here a coppery potion.
g - 2 coppery potions (gained 1)
There is a stone staircase leading down here.
You climb downwards.
A goblin comes into view. It is wielding a dagger of holy wrath.
There is a stone staircase leading up here.
The goblin hits you with a dagger of holy wrath.
You take 2 damage, and have 6/11 hp.
The goblin barely misses you. The goblin barely misses you.
You riposte.
You closely miss the goblin.
The goblin hits you with a dagger of holy wrath.
* * * LOW HITPOINT WARNING * * *
You take 1 damage, and have 5/11 hp.
A jackal and a hobgoblin come into view.
The goblin closely misses you.
You riposte.
You barely miss the goblin. You open the door.
The goblin completely misses you.
There is an open door here.
Found a ration.
A bat comes into view.
The bat completely misses you. The bat barely misses you.
You riposte.
You barely miss the bat.
You see here a ration.
c - 2 rations (gained 1)
The bat closely misses you. The bat misses you.
You riposte.
You miss the bat. The bat misses you. The bat barely misses you.
The bat closely misses you.
You riposte.
You slash the bat!
You kill the bat!
You open the door.
Found a stone staircase leading up.
There is an open door here.
A kobold comes into view. It is wielding a club.
Found 16 gold pieces.
Found 5 gold pieces.
There is a stone staircase leading up here.
You now have 16 gold pieces.
There are no items here.
You now have 21 gold pieces (gained 5).
There are no items here.
Really attack while wielding your +0 long sword {!a}? [Y]es or [N]o only, please.
Really attack while wielding your +0 long sword {!a}?
Okay, then.
The goblin hits you with a dagger of holy wrath.
* * * LOW HITPOINT WARNING * * *
You take 2 damage, and have 4/11 hp.
The goblin completely misses you.
Found a scale mail.
You see here a scale mail.
Found 26 bolts.
What are your orders? t - Shout!
Orders for allies: a - Attack new target. r - Retreat! s - Stop attacking. g - Guard the area. f - Follow me.
Anything else - Cancel.
Okay, then.
You start resting.
You see here 26 bolts.
A goblin is nearby!
A dart slug comes into view.
Really attack while wielding your +0 long sword {!a}?
Okay, then.
The dart slug misses you.
You riposte.
You hit the dart slug.
The dart slug is lightly wounded.
The dart slug bites you but does no damage.
The dart slug completely misses you. The goblin misses you.
The dart slug launches a dart at you. The slug dart misses you.
The goblin hits you with a dagger of holy wrath.
* * * LOW HITPOINT WARNING * * *
You take 3 damage, and have 3/11 hp.
MASSIVE DAMAGE!!
The goblin completely misses you. The dart slug barely misses you.
The goblin hits you with a dagger of holy wrath.
You die...

..##.....# +#.. ..#.....##
..# ..#...g.# ..# #.....#
....# #...[.# ..#.# #.....#
#.#.###########
##.....######.#.#.....g...#
#.............#w#.#######.#
#.............#@g.# #.#
#.............###########g#
#..........g..........(...#
###+####.....##############
#.....# ........# ###.....#
#.##### #..


You could see a dart slug and a goblin.

Vanquished Creatures
  A hobgoblin (D:1)
  2 bats
3 creatures vanquished.

Notes
Turn   | Place    | Note
-------+----------+-------------------------------------------
     0 | D:1      | Monsterracer the Spriggan Gladiator began the quest for the Orb.
     0 | D:1      | Reached XP level 1. HP: 10/10 MP: 2/2
   103 | D:2      | HP: 5/11 [goblin/dagger of holy wrath (1)]
   148 | D:2      | HP: 4/11 [goblin/dagger of holy wrath (2)]
   217 | D:2      | HP: 3/11 [goblin/dagger of holy wrath (3)]
   219 | D:2      | Slain by a goblin

Action                   || total
-------------------------++-------
Armor: Robe              ||     1
Dodge: Dodged            ||    25
       Rpst.: Long sword ||     9

Vault maps used:
D:1:      nzn_arrival_settlement, hangedman_decor_push
D:2:      cheibrodos_helix_gallery, first_ration
